 Dungeon Crawl Stone Soup version 0.22.0-5-gf09313c8f9 (webtiles) character file.

119 Flugkiller the Chucker (level 4, -1/37 HPs)
             Began as a Draconian Arcane Marksman on Aug 13, 2018.
             Slain by an orc wizard
             ... wielding a +0 dagger
              (3 damage)
             ... on level 1 of the Dungeon.
             The game lasted 00:07:58 (2993 turns).

Flugkiller the Chucker (Draconian Arcane Marksman)  Turns: 2993, Time: 00:07:58

Health: -1/37      AC:  7    Str: 12    XL:     4   Next: 74%
Magic:  5/5        EV: 13    Int: 14    God:
Gold:   49         SH:  0    Dex: 12    Spells: 4/5 levels left

rFire    . . .     SeeInvis .   g - +0 short sword
rCold    . . .     Gourm    .   (no shield)
rNeg     . . .     Faith    .   (armour unavailable)
rPois    .         Spirit   .   (helmet restricted)
rElec    .         Reflect  .   (no cloak)
rCorr    .         Harm     .   (no gloves)
MR       .....                  m - +1 pair of boots
Stlth    +.........             (no amulet)
HPRegen  0.12/turn              (no ring)
MPRegen  0.09/turn              (no ring)

@: no status effects
A: unfitting armour, cold-blooded, AC +5
a: no special abilities


You were on level 1 of the Dungeon.
You were hungry.

You visited 1 branch of the dungeon, and saw 2 of its levels.

You collected 49 gold pieces.

Inventory:

Hand Weapons
 f - a +0 hunting sling
 g - a +0 short sword (weapon)
Missiles
 b - 25 stones (quivered)
 c - a throwing net
 i - 4 tomahawks
Armour
 m - a +1 pair of boots (worn)
Jewellery
 s - an uncursed ring of stealth {unknown}
Scrolls
 e - 3 scrolls of amnesia {unknown}
 h - a scroll of remove curse {unknown}
 l - a scroll of magic mapping {unknown}
 n - a scroll of enchant weapon {unknown}
 o - 2 scrolls of blinking {unknown}
 t - a scroll of fog {unknown}
Potions
 k - a potion of flight {unknown}
 p - a potion of agility {unknown}
 q - a potion of cancellation {unknown}
Comestibles
 d - 3 rations


   Skills:
 + Level 2.6 Fighting
 * Level 3.4 Throwing
 + Level 2.7 Dodging
 - Level 1.0 Spellcasting
 - Level 2.6 Hexes


You had 4 spell levels left.
You knew the following spells:

 Your Spells              Type           Power        Failure   Level  Hunger
a - Corona                Hex            #......      9%          1    ##.....

Your spell library contained the following spells:

 Spells                   Type           Power        Failure   Level  Hunger
 Cause Fear               Hex            #.........   65%         4    #####..
 Slow                     Hex            #.......     13%         2    ###....
 Spider Form              Tmut/Pois      #.........   61%         3    ####...
 Blade Hands              Tmut           #.........   100%        5    ######.
 Ice Form                 Ice/Tmut       #.......     95%         4    #####..
 Sticks to Snakes         Tmut           #.......     36%         2    ###....
 Portal Projectile        Hex/Tloc       #.....       41%         3    ####...
 Leda's Liquefaction      Hex/Erth       #.........   83%         4    #####..
 Inner Flame              Hex/Fire       #.......     41%         3    ####...
 Beastly Appendage        Tmut           #.....       26%         1    ##.....


Dungeon Overview and Level Annotations

Branches:
Dungeon (2/15)

Altars:
Hepliaklqana


Innate Abilities, Weirdness & Mutations

Your plain brown scales are hard. (AC +5)
You cannot fit into any form of body armour.
You are cold-blooded and may be slowed by cold attacks.


Message History

You are more confused.
The orc wizard hits you but does no damage.
You miss the orc wizard.
The orc wizard is heavily wounded.
The orc wizard gestures at you while chanting.
The puff of flame misses you.
You closely miss the orc wizard.
The orc wizard is heavily wounded.
The orc wizard barely misses you.
You bump into the rock wall.
The orc wizard completely misses you.
You bump into the rock wall.
The orc wizard hits you with a dagger.
* * * LOW HITPOINT WARNING * * *
You're too confused to move!
The orc wizard gestures at you while chanting.
The puff of flame misses you.
You bump into the rock wall.
The orc wizard misses you.
You bump into the rock wall.
You feel less confused. The orc wizard hits you with a dagger.
You die...

#>..# #...## #..####
#...# ##...# ##....###
#...# ###(...# ####...#
#...# #...(.## ###.#
###.### #.#.#.# #..
#.).###.#(#.# ####..
###)##..#.#.# ##.....
####.##.##o#.# #..###.
#.......##@#.# #.## #.
#..........#.########.#
#.
#.....................#
###
#........####.#########
#.. #.......)# #..##
######.# #........#
##..####......#
#####.#..#
##.#....###### #)#.##
#....#### #.#.# #..(##


You could see an orc wizard.

Vanquished Creatures
  An orc wizard (D:1)
  3 adders (D:2)
  2 worms (D:2)
  2 dart slugs
  3 leopard geckos
  3 orcs
  3 giant cockroaches
  5 goblins
  5 hobgoblins
  2 quokkas (D:2)
  7 bats
  4 frilled lizards
  4 kobolds
  9 rats
53 creatures vanquished.

Notes
Turn   | Place    | Note
-------+----------+-------------------------------------------
     0 | D:1      | Flugkiller the Draconian Arcane Marksman began the quest for the Orb.
     0 | D:1      | Reached XP level 1. HP: 16/16 MP: 2/2
   156 | D:1      | Reached skill level 2 in Throwing
   433 | D:1      | Reached XP level 2. HP: 23/23 MP: 3/3
  1361 | D:2      | Reached XP level 3. HP: 22/29 MP: 4/4
  1854 | D:2      | Reached skill level 3 in Throwing
  2155 | D:1      | Reached XP level 4. HP: 28/37 MP: 5/5
  2604 | D:2      | Found a hazy altar of Hepliaklqana.
  2993 | D:1      | Slain by an orc wizard

Skill      XL: |  1  2  3 |
---------------+----------+-----
Throwing       | 2 3 |  3.4
Dodging        | 2 |  2.7
Fighting       | 2 |  2.6
Spellcasting   | |  1.0
Hexes          | |  2.6

Action                   |  1- 3 |  4- 6 || total
-------------------------+-------+-------++-------
Melee: Unarmed           |     2 |       ||     2
       Tailslap          |    13 |    10 ||    23
       Short sword       |    81 |   109 ||   190
Throw: Stone             |   182 |    27 ||   209
       Javelin           |     9 |     5 ||    14
       Throwing net      |     2 |       ||     2
       Tomahawk          |     2 |       ||     2
  Use: Potion            |       |     1 ||     1
 Stab: Sleeping          |       |     2 ||     2
  Eat: Chunk             |     3 |     3 ||     6
Armor: Skin              |    57 |    48 ||   105
Dodge: Dodged            |    99 |    71 ||   170
